 Dungeon Crawl Stone Soup version 0.31-a0-182-gc5ef74bbde (webtiles) character file.

Game seed: 16187932813708819936

1401 qw the Blocker (level 8, 0/48 HPs)
             Began as a Gargoyle Fighter on June 20, 2023.
             Slain by a yak (1 damage)
             ... on level 6 of the Dungeon.
             The game lasted 00:02:27 (4818 turns).

qw the Blocker (Gargoyle Fighter)                   Turns: 4818, Time: 00:02:28

Health: 0/48       AC: 21    Str: 23    XL:     8   Next: 69%
Magic:  8/8        EV:  6    Int:  8    God:
Gold:   217        SH: 14    Dex:  9    Spells: 7/7 levels left

rFire   + . .        g - +0 broad axe
rCold   . . .        t - +0 tower shield
rNeg    + + .        a - +0 chain mail
rPois   inf          b - +2 helmet
rElec   +            m - +2 cloak
rCorr   .            (no gloves)
SInv    .            (no boots)
Will    .....        k - amulet of faith Stlth
                     p - ring of protection from fire
HPRegen 0.28/turn    q - ring of positive energy
MPRegen 0.11/turn

%: faith
@: no status effects
A: sickness immunity, AC +5, negative energy resistance 1, electricity
resistance, torment resistance 1, petrification resistance
a: no special abilities


You were on level 6 of the Dungeon.
You visited 1 branch of the dungeon, and saw 6 of its levels.

You collected 404 gold pieces.
You spent 187 gold pieces at shops.


Innate Abilities, Weirdness & Mutations

You are immune to sickness and miasma.
Your stone body is resilient. (AC +5)
You are immune to poison.
You resist negative energy. (rN+)
You are resistant to electric shocks. (rElec)
You are resistant to unholy torment.
You are immune to petrification.


   Skills:
 - Level 4.3 Fighting
 - Level 6.2 Axes
 - Level 3.2 Armour
 + Level 9.0 Shields


You had 7 spell levels left.
You didn't know any spells.
Your spell library was empty.

Inventory:

Hand Weapons
 c - a +0 flail
 g - a +0 broad axe (weapon)
Missiles
 v - a boomerang (quivered)
Armour
 a - a +0 chain mail (worn)
 b - a +2 helmet (worn)
 m - a +2 cloak (worn)
 t - a +0 tower shield (worn)
Jewellery
 k - an amulet of faith (around neck)
 p - a ring of protection from fire (left hand)
 q - a ring of positive energy (right hand)
Scrolls
 e - a scroll of identify
Potions
 d - 3 potions of might
 h - a potion of lignification
 j - 5 potions of curing
 l - 3 potions of enlightenment
 o - a potion of mutation {unknown}
 r - a potion of attraction
 s - a potion of magic {unknown}

Dungeon Overview and Level Annotations

Branches:
Dungeon (6/15)
 Temple: D:4-7

Altars:
Kikubaaqudgha
Sif Muna
Vehumet

Shops:
D:6 *

Annotations:
D:5 3 runed translucent doors, qw's ghost, novice MiHu


Message History

Your surroundings suddenly seem different. 5 yaks come into view.
Found a stone staircase leading up.
The yak bellows! x5
You block the yak's attack. x2
Enter note:
Enter note:
Enter note:
Enter note:
Enter note:
Enter note: You hit the yak.
The yak is lightly wounded.
You hit the yak. You slash the yak! You block the yak's attack.
The yak gores you. The yak gores you but does no damage. The yak gores you.
The yak gores you but does no damage.
You slash the yak!
The yak is heavily wounded.
You barely miss the yak. You slash the yak! You block the yak's attack.
The yak gores you but does no damage. You block the yak's attack.
You barely miss the yak.
The yak is heavily wounded.
You slash the yak! You barely miss the yak. You hit the yak.
The yak gores you but does no damage. You block the yak's attack. x2
The yak gores you! The yak gores you. The yak gores you!
The yak barely misses you. The yak closely misses you.
You slash the yak!
You kill the yak!
You hit the yak. You closely miss the yak. You slash the yak!
You block the yak's attack. The yak gores you.
The yak gores you but does no damage.
Your Axes skill increases to level 6!
You hit the yak but do no damage.
The yak is severely wounded.
You hit the yak. x2; You slash the yak!
You block the yak's attack. x2; The yak closely misses you.
The yak gores you but does no damage. The yak gores you.
You die...

777.~~.777 ....
7...~~...7###.........#
7.}.~~.}.7#.#.........##
7...~~...7#.......<.....
7.\.~~.8.7#...........#
7...~~...7 ...........##
7.}.~~.}.7 #...........
7...~~...7###..YYY....#
777.~~.777#....Y@.....#
###.~~.####...##.####...
....~~.....#.. ..#
#...~~......###..#
#...~~.......###..
#..%~~)....... ...
#..........### #..
##..))....## ##..
#....%.....#


You could see 4 yaks.

Vanquished Creatures
  A yak (D:6)
  A water moccasin (D:5)
  2 sky beasts (D:6)
  An ogre (D:5)
  2 phantoms (D:6)
  A scorpion (D:4)
  A howler monkey (D:6)
  2 hounds
  2 orc priests
  2 jellies
  An iguana (D:5)
  A sleepcap (D:5)
  6 orc wizards (D:5)
  Natasha (twice) (D:3)
  Robin (D:3)
  8 adders
  A shadow imp (D:5)
  A worm (D:3)
  A dart slug (D:5)
  18 orcs
  4 ball pythons
  3 bats
  4 endoplasms
  3 giant cockroaches
  8 hobgoblins
  5 quokkas
  A frilled lizard (D:2)
  21 goblins
  11 kobolds
  26 rats
141 creatures vanquished.

Notes
Turn   | Place    | Note
-------+----------+-------------------------------------------
     0 | D:1      | qw the Gargoyle Fighter began the quest for the Orb.
     0 | D:1      | Reached XP level 1. HP: 14/14 MP: 1/1
     0 | D:1      | 0 ||| qw: Version: 0.3-a-9-g12657ce
     0 | D:1      | 0 ||| qw: Game counter: 1484
     0 | D:1      | 0 ||| qw: Always use a shield: true
     0 | D:1      | 0 ||| qw: God list: Okawaru
     0 | D:1      | 0 ||| qw: Allow faded altars: false
     0 | D:1      | 0 ||| qw: Do Orc after D:15 true
     0 | D:1      | 0 ||| qw: Do second Lair branch before Depths: true
     0 | D:1      | 0 ||| qw: Lair rune preference: random
     0 | D:1      | 0 ||| qw: Plans: Normal, Zot:1-4, Slime:5, God:TSO, Crypt,
                  | Tomb, Abyss, Pan, Hells, Win
     0 | D:1      | 0 ||| PLANNING D:1-11
    53 | D:1      | 53 ||| Stepping ~*~*~tactically~*~*~ (hiding).
   326 | D:1      | Reached XP level 2. HP: 19/19 MP: 2/2
   840 | D:1      | 840 ||| FLEEEEING.
   841 | D:1      | 841 ||| FLEEEEING.
   843 | D:1      | 843 ||| FLEEEEING.
   844 | D:1      | 844 ||| FLEEEEING.
   849 | D:1      | Reached skill level 3 in Axes
  1191 | D:1      | 1191 ||| DROPPING orb of light.
  1192 | D:1      | 1192 ||| UPGRADING to +0 cloak.
  1197 | D:1      | 1197 ||| UPGRADING to amulet of faith.
  1202 | D:1      | 1202 ||| READING scroll labelled IBYRGH TOZXI.
  1213 | D:1      | 1213 ||| READING scroll labelled TEIMMA ANLEM.
  1354 | D:2      | Reached XP level 3. HP: 23/23 MP: 3/3
  1778 | D:2      | Found a faded altar of an unknown god.
  1857 | D:2      | Reached XP level 4. HP: 23/28 MP: 4/4
  2229 | D:2      | 2229 ||| UPGRADING to +0 chain mail.
  2239 | D:2      | 2239 ||| DROPPING +0 scale mail.
  2240 | D:2      | 2240 ||| UPGRADING to ring of protection from fire.
  2241 | D:2      | 2241 ||| UPGRADING to ring of positive energy.
  2242 | D:2      | 2242 ||| READING scroll labelled UFAARE GAASKU.
  2243 | D:2      | 2243 ||| READING scroll labelled BAMATRAMY.
  2244 | D:2      | 2244 ||| READING scroll labelled PAKISIOSAD.
  2245 | D:2      | 2245 ||| DRINKING 2 amethyst potions.
  2246 | D:2      | 2246 ||| DRINKING 2 grey potions.
  2247 | D:2      | 2247 ||| DROPPING potion of degeneration.
  2295 | D:3      | Noticed Robin
  2302 | D:3      | 2302 ||| STAIRDANCE
  2331 | D:3      | 2331 ||| STAIRDANCE
  2376 | D:3      | Killed Robin
  2540 | D:3      | Reached XP level 5. HP: 32/32 MP: 5/5
  2623 | D:3      | 2623 ||| UPGRADING to +2 helmet.
  2628 | D:3      | 2628 ||| READING scroll labelled OVUUMU IHITRIU.
  2629 | D:3      | 2629 ||| READING scroll labelled REOLAF COHOMP.
  2677 | D:3      | Noticed Natasha
  2683 | D:3      | Killed Natasha
  2872 | D:3      | Noticed Natasha
  2875 | D:3      | Killed Natasha
  2996 | D:3      | 2996 ||| DROPPING +6 ring of intelligence.
  3121 | D:4      | 3121 ||| Stepping ~*~*~tactically~*~*~ (hiding).
  3122 | D:4      | 3122 ||| Stepping ~*~*~tactically~*~*~ (hiding).
  3123 | D:4      | 3123 ||| Stepping ~*~*~tactically~*~*~ (hiding).
  3124 | D:4      | 3124 ||| Stepping ~*~*~tactically~*~*~ (hiding).
  3289 | D:4      | 3289 ||| Stepping ~*~*~tactically~*~*~ (hiding).
  3292 | D:4      | 3292 ||| Stepping ~*~*~tactically~*~*~ (hiding).
  3310 | D:4      | 3310 ||| Stepping ~*~*~tactically~*~*~ (stealth).
  3323 | D:4      | Identified the +2 hand axe "Ygielaga" {venom, rF- rC+ Will+
                  | Dex+3}
  3386 | D:4      | Reached XP level 6. HP: 35/38 MP: 6/6
  3530 | D:4      | Identified the +6 trident of Vodka {pain, Fly rElec}
  3536 | D:4      | 3536 ||| READING scroll of enchant armour.
  3536 | D:4      | 3536 ||| ENCHANTING +0 cloak.
  3627 | D:4      | 3627 ||| UPGRADING to +0 tower shield.
  3637 | D:4      | 3637 ||| DROPPING +0 buckler.
  3638 | D:4      | 3638 ||| DROPPING amulet of magic regeneration.
  3639 | D:4      | 3639 ||| READING scroll labelled VERIAR VYFEATY.
  3640 | D:4      | 3640 ||| DRINKING 3 blue potions.
  3641 | D:4      | 3641 ||| READING 2 scrolls of identify.
  3641 | D:4      | 3641 ||| IDENTIFYING bubbling pink potion
  3658 | D:5      | Entered Level 5 of the Dungeon
  3722 | D:5      | Identified the +3 leather armour "Zimeg" {rPois Dex+4}
  3788 | D:5      | Reached skill level 4 in Shields
  3821 | D:5      | Noticed a water moccasin
  3828 | D:5      | Killed a water moccasin
  3829 | D:5      | Reached skill level 5 in Shields
  3829 | D:5      | Reached XP level 7. HP: 14/43 MP: 7/7
  3952 | D:5      | 3952 ||| DROPPING +0 whip.
  3953 | D:5      | 3953 ||| DROPPING +0 whip of draining.
  3986 | D:5      | 3986 ||| Stepping ~*~*~tactically~*~*~ (hiding).
  4004 | D:5      | Reached skill level 6 in Shields
  4066 | D:5      | Found a runed translucent gate.
  4066 | D:5      | Found a runed translucent gate.
  4067 | D:5      | Found a runed translucent gate.
  4069 | D:5      | Noticed qw's ghost (novice MiHu)
  4125 | D:5      | 4125 ||| READING scroll of enchant armour.
  4125 | D:5      | 4125 ||| ENCHANTING +1 cloak.
  4351 | D:5      | Found a radiant altar of Vehumet.
  4361 | D:5      | Found an ancient bone altar of Kikubaaqudgha.
  4372 | D:5      | Reached skill level 7 in Shields
  4385 | D:5      | Found a shimmering blue altar of Sif Muna.
  4412 | D:5      | 4412 ||| READING 2 scrolls labelled HIWIKUBB XOSO.
  4413 | D:5      | 4413 ||| READING scroll of enchant weapon.
  4413 | D:5      | 4413 ||| ENCHANTING +1 war axe.
  4414 | D:5      | 4414 ||| READING scroll labelled PUBIGG DOCUSE.
  4415 | D:5      | 4415 ||| DRINKING 2 sapphire potions.
  4416 | D:5      | 4416 ||| DRINKING 2 metallic cyan potions.
  4467 | D:6      | 4467 ||| DROPPING +0 mace.
  4580 | D:6      | Reached XP level 8. HP: 48/48 MP: 8/8
  4613 | D:6      | Found Luh Vext's General Store.
  4647 | D:6      | Reached skill level 8 in Shields
  4664 | D:6      | Reached skill level 9 in Shields
  4733 | D:6      | 4733 ||| Stepping ~*~*~tactically~*~*~ (stealth).
  4757 | D:6      | 4757 ||| BUYING +0 broad axe (44 gold).
  4757 | D:6      | Bought a +0 broad axe for 44 gold pieces
  4757 | D:6      | 4757 ||| BUYING 2 potions of enlightenment (110 gold).
  4757 | D:6      | Bought 2 potions of enlightenment for 110 gold pieces
  4757 | D:6      | 4757 ||| BUYING scroll of teleportation (33 gold).
  4757 | D:6      | Bought a scroll of teleportation for 33 gold pieces
  4757 | D:6      | 4757 ||| SWAPPING to +0 broad axe.
  4758 | D:6      | 4758 ||| DROPPING +2 war axe.
  4810 | D:6      | HP: 9/48 [orc priest/divine providence (11)]
  4811 | D:6      | 4811 ||| READING scroll of teleportation.
  4812 | D:6      | 4812 ||| DRINKING potion of heal wounds.
  4813 | D:6      | Noticed a yak
  4813 | D:6      | Noticed a yak
  4813 | D:6      | Noticed a yak
  4813 | D:6      | Noticed a yak
  4813 | D:6      | Noticed a yak
  4816 | D:6      | HP: 4/48 [yak (12)]
  4817 | D:6      | Killed a yak
  4817 | D:6      | HP: 1/48 [yak (4)]
  4818 | D:6      | Reached skill level 6 in Axes
  4818 | D:6      | Slain by a yak

Levels and vault maps discovered:
D:1:      sevenhm_arrival_forest_fort_large_2, layout_basic
D:2:      cheibrodos_greedy_goblins, layout_loops_corners,
          dreamdust_ecumenical_altar_hidden_monk_grotto,
          hangedman_abyss_or_decor_stabs, hangedman_abyss_or_decor_lesser_grid,
          minmay_rat_hole
D:3:      layout_basic, uniq_robin, uniq_natasha
D:4:      layout_cave_pools, nicolae_the_louvre
D:5:      layout_cave_pools, palyth_temple_overflow_mages,
          gammafunk_ghost_necromancy, mrwooster_statue_mirror
D:6:      layout_rooms, minmay_temple_entry_wispy, nicolae_wooded_promenade,
          hellmonk_no_cap

Skill      XL: |  1  2  3  4  5  6  7  8 |
---------------+-------------------------+-----
Axes           | 2 3 4 5 6 |  6.2
Fighting       | 4 |  4.3
Shields        | 5 7 9 |  9.0
Armour         | |  3.2

Action                     |  1- 3 |  4- 6 |  7- 9 || total
---------------------------+-------+-------+-------++-------
  Melee: War axe           |   123 |   179 |    87 ||   389
         Broad axe         |       |       |    17 ||    17
  Throw: Boomerang         |       |    14 |    17 ||    31
    Use: Scroll            |     2 |     8 |     5 ||    15
         Potion            |       |     3 |     3 ||     6
 Armour: Scale mail        |    75 |    16 |       ||    91
         Chain mail        |       |    89 |    83 ||   172
  Dodge: Dodged            |    59 |    57 |    19 ||   135
  Block: Buckler           |    11 |    25 |       ||    36
         Tower shield      |       |    18 |   102 ||   120

Table legend:
 A = Non-vault XP
 B = Vault XP
 C = Vault XP percentage of total XP
 D = Non-vault monster count
 E = Vault monster count
 F = Vault count percentage of total count
                 A         B        C        D         E       F
            +---------+---------+-------+---------+---------+-------
      Total |    1719 |     283 |  14.1 |      94 |      47 |  33.3
            +---------+---------+-------+---------+---------+-------
        D:1 |      31 |       0 |   0.0 |      22 |       0 |   0.0
        D:2 |      47 |      47 |  50.0 |      14 |      34 |  70.8
        D:3 |     100 |      60 |  37.5 |      10 |       8 |  44.4
        D:4 |     146 |       0 |   0.0 |      13 |       0 |   0.0
        D:5 |     506 |     176 |  25.8 |      15 |       5 |  25.0
        D:6 |     889 |       0 |   0.0 |      20 |       0 |   0.0
            +---------+---------+-------+---------+---------+-------
